 Dungeon Crawl Stone Soup version 0.25.0-10-g039870ee82 (webtiles) character file.

Game seed: 7019553067210553736

426 raph the Ruffian (level 6, 0/48 HPs)
             Began as a Draconian Transmuter on June 22, 2020.
             Was an Initiate of Makhleb.
             Slain by a worker ant (5 damage)
             ... on level 6 of the Dungeon.
             The game lasted 00:09:57 (4246 turns).

raph the Ruffian (Draconian Transmuter)             Turns: 4246, Time: 00:09:58

Health: 0/48       AC:  9    Str: 13    XL:     6   Next: 64%
Magic:  5/9        EV: 12    Int: 15    God:    Makhleb [......]
Gold:   146        SH:  0    Dex: 11    Spells: 3/9 levels left

rFire    . . .     SeeInvis .     - Unarmed
rCold    . . .     Gourm    .   (no shield)
rNeg     . . .     Faith    .   (armour unavailable)
rPois    .         Spirit   .   (helmet restricted)
rElec    .         Reflect  .   (no cloak)
rCorr    .         Harm     .   b - +2 pair of gloves
MR       .....                  (boots currently unavailable)
Stlth    +.........             (no amulet)
HPRegen  0.16/turn              k - ring of flight
MPRegen  0.11/turn              (no ring)

@: lethally poisoned (0 -> -1), appendage (expiring)
A: unfitting armour, talons 3, cold-blooded, AC +6
a: End Transformation, Renounce Religion, Evoke Flight


You were on level 6 of the Dungeon.
You worshipped Makhleb.
Makhleb was noncommittal.
You were very hungry.
You had grown temporary talons.
You visited 2 branches of the dungeon, and saw 6 of its levels.

You collected 146 gold pieces.

Inventory:

Missiles
 a - 30 arrows
 d - 66 stones (quivered)
Armour
 b - a +2 pair of gloves (worn)
Magical Staves
 n - an uncursed staff of summoning
Jewellery
 k - a ring of flight (left hand)
Wands
 e - a wand of disintegration (18)
 l - a wand of random effects (23)
Scrolls
 g - 2 scrolls of remove curse
 i - 3 scrolls of identify
 m - a scroll of teleportation
 o - a scroll of enchant armour
Potions
 h - a potion of haste
 j - a potion of lignification
Comestibles
 c - 6 rations


   Skills:
 + Level 1.7 Fighting
 + Level 2.1 Dodging
 + Level 5.4 Unarmed Combat
 - Level 2.0 Spellcasting
 * Level 5.0 Transmutations
 + Level 1.0 Invocations


You had 3 spell levels left.
You knew the following spells:

 Your Spells              Type           Power        Failure   Level  Hunger
a - Beastly Appendage     Tmut           ###...       2%          1    #......
b - Sticks to Snakes      Tmut           ###.....     4%          2    ###....
c - Spider Form           Tmut/Pois      #.........   24%         3    ###....

Your spell library contained the following spells:

 Spells                   Type           Power        Failure   Level  Hunger
 Blade Hands              Tmut           ###.......   58%         5    ######.
 Ice Form                 Ice/Tmut       #.......     61%         4    #####..


Dungeon Overview and Level Annotations

Branches:
Dungeon (4/15)             Temple (1/1) D:4

Altars:
Ashenzari
Cheibriados
Dithmenos
Elyvilon
Fedhas
Gozag
Hepliaklqana
Kikubaaqudgha
Makhleb
Nemelex Xobeh
Okawaru
Ru
Sif Muna
Trog
Uskayaw
Vehumet
Wu Jian
Xom
Yredelemnul
Zin
The Shining One


Innate Abilities, Weirdness & Mutations

Your plain brown scales are hard. (AC +6)
You cannot fit into any form of body armour.
You are cold-blooded and may be slowed by cold attacks.
You have claws for feet.


Message History

Confirm with . or Enter, or press ? or * to list all spells.
You create a snake!
You now have 30 arrows.
The worker ant barely misses you.
A worker ant and a phantom come into view.
You feel sick.
Found an escape hatch in the ceiling.
The worker ant twitches its antennae in your direction.
Found 20 stones and a scroll of remove curse.
Your ball python barely misses the worker ant.
Your ball python grabs the worker ant.
Your ball python constricts the worker ant.
The worker ant bites your ball python.
Your ball python dies!
The worker ant twitches its antennae in your direction.
The phantom hits you.
* * * LOW HITPOINT WARNING * * *
The phantom blinks!
There is an escape hatch in the ceiling here.
Your transformation is almost over.
You feel sick. The worker ant bites you.
You die...

..... .....####
......... #####
............
#...#
............
#...#
...........
#...#
...........
#..§# #..###..#
#..@# #......o
#.Wa# ##....##
#...## #..###
#..a.##
####'####
##.#..##
#.......#
#(##.o##
#...♣...# #?
##.o####o.#.#..#
#.
##.o#.'h♣.#.♣.+
#.
##...#..#[#..#


You could see a phantom and 2 worker ants.

Vanquished Creatures
  An ogre (D:4)
  2 scorpions (D:4)
  An iguana (D:4)
  2 orc wizards (D:6)
  2 worker ants
  6 adders
  An ooze (D:3)
  2 worms (D:2)
  4 dart slugs
  A leopard gecko (D:2)
  3 orcs
  3 giant cockroaches
  8 goblins
  9 hobgoblins
  6 kobolds
  4 quokkas
  2 ball pythons
  3 bats
  5 frilled lizards
  A jackal skeleton (D:4)
  A quokka skeleton (D:4)
  7 rats
74 creatures vanquished.

Notes
Turn   | Place    | Note
-------+----------+-------------------------------------------
     0 | D:1      | raph the Draconian Transmuter began the quest for the Orb.
     0 | D:1      | Reached XP level 1. HP: 16/16 MP: 3/3
   303 | D:1      | Reached XP level 2. HP: 23/23 MP: 3/5
   442 | D:1      | Learned a level 2 spell: Sticks to Snakes
   635 | D:2      | Reached XP level 3. HP: 26/28 MP: 4/6
  1008 | D:2      | Found a sacrificial altar of Ru.
  1267 | D:2      | Reached XP level 4. HP: 32/35 MP: 7/7
  2907 | D:4      | Noticed an ogre
  2916 | D:4      | Killed an ogre
  2916 | D:4      | Reached XP level 5. HP: 40/40 MP: 2/8
  3217 | D:4      | Reached skill level 5 in Unarmed Combat
  3484 | D:4      | Reached XP level 6. HP: 47/47 MP: 7/9
  3489 | D:4      | Learned a level 3 spell: Spider Form
  3521 | D:4      | Found a staircase to the Ecumenical Temple.
  3530 | Temple   | Entered the Ecumenical Temple
  3632 | Temple   | Became a worshipper of Makhleb the Destroyer
  4174 | D:4      | You fall into a shaft and drop 2 floors!
  4197 | D:6      | Reached skill level 5 in Transmutations
  4197 | D:6      | Reached skill level 1 in Invocations
  4212 | D:6      | Noticed an orc warrior
  4246 | D:6      | Slain by a worker ant

Illustrated notes

Levels and vault maps discovered:
D:1:      lemuel_arrival_rhombus, layout_rooms
D:2:      layout_basic, hangedman_ru_absence
D:3:      cheibrodos_old_hovel, layout_basic, minmay_misc_feat_square,
          roderic_roman_lattice, kennysheep_generic_room_9
D:4:      layout_basic, temple_statues, hangedman_decor_slide_cut,
          elyvilon_altar_3
D:6:      layout_rooms, basic_altar, kennysheep_generic_room_10, uniq_grinder,
          uniq_blork_the_orc
Temple:   kilobyte_greek_temple

Skill      XL: |  1  2  3  4  5  6 |
---------------+-------------------+-----
Transmutations | 3 4 5 |  5.0
Unarmed Combat | 4 5 |  5.4
Dodging        | 2 |  2.1
Invocations    | 1 |  1.0
Fighting       | |  1.7
Spellcasting   | |  2.0

Action                   |  1- 3 |  4- 6 || total
-------------------------+-------+-------++-------
Melee: Unarmed           |   126 |   174 ||   300
       Tailslap          |     8 |    13 ||    21
       Kick              |    10 |     8 ||    18
       Headbutt          |     2 |    11 ||    13
       Punch             |       |     6 ||     6
Throw: Stone             |       |     1 ||     1
 Cast: Beastly Appendage |    16 |    26 ||    42
       Sticks to Snakes  |       |     5 ||     5
       Spider Form       |       |     2 ||     2
  Use: Scroll            |     5 |     5 ||    10
       Potion            |     2 |     1 ||     3
 Stab: Sleeping          |     1 |     1 ||     2
  Eat: Chunk             |     2 |     9 ||    11
Armor: Skin              |    54 |    60 ||   114
Dodge: Dodged            |    88 |    98 ||   186
